 Dungeon Crawl Stone Soup version 0.30-a0-778-g2ef04afb54 (webtiles) character file.

Game seed: 2639777759770834839

115 cheesebisquit the Shooter (level 4, -3/39 HPs)
             Began as a Minotaur Hunter on Feb 16, 2023.
             Killed by divine providence
             ... invoked by an orc priest
              (12 damage)
             ... on level 3 of the Dungeon.
             The game lasted 00:04:48 (2150 turns).

cheesebisquit the Shooter (Minotaur Hunter)         Turns: 2150, Time: 00:04:49

Health: -3/39      AC:  6    Str: 16    XL:     4   Next: 68%
Magic:  3/3        EV: 12    Int:  6    God:
Gold:   122        SH:  0    Dex: 15    Spells: 3/3 levels left

rFire   . . .      SeeInvis .    a - +0 shortbow
rCold   . . .      Faith    .    (shield currently unavailable)
rNeg    . . .      Spirit   .    c - +0 leather armour
rPois   +          Reflect  .    (helmet restricted)
rElec   .          Harm     .    n - +2 cloak {rPois}
rCorr   .          Rampage  .    (no gloves)
Will    .....                    (no boots)
Stlth   +                        (no amulet)
HPRegen 0.26/turn                (no ring)
MPRegen 0.08/turn                (no ring)

@: no status effects
A: horns 2, retaliatory headbutt
a: no special abilities


You were on level 3 of the Dungeon.
You visited 1 branch of the dungeon, and saw 3 of its levels.

You collected 122 gold pieces.

Inventory:

Hand Weapons
 a - a +0 shortbow (weapon)
Armour
 c - a +0 leather armour (worn)
 n - a +2 cloak of poison resistance (worn)
Wands
 i - a wand of flame (18)
 l - a wand of mindburst (28)
Scrolls
 b - a scroll of immolation
 e - 2 scrolls of teleportation {unknown}
 h - a scroll of identify {unknown}
Potions
 d - 2 potions of haste
 f - 2 potions of curing
 g - a potion of might {unknown}
 j - 2 potions of degeneration {unknown}
 k - a potion of magic {unknown}
 m - a potion of lignification {unknown}


   Skills:
 + Level 3.6 Fighting
 * Level 5.6 Ranged Weapons
 + Level 3.3 Dodging
 - Level 0.7 Stealth


You had 3 spell levels left.
You didn't know any spells.
Your spell library contained the following spells:

 Spells                   Type           Power      Damage    Failure   Level
 Blink                    Tloc           0%         N/A       67%         2
 Lesser Beckoning         Tloc           0%         N/A       67%         2
 Momentum Strike          Conj/Tloc      0%         3d8       67%         2


Dungeon Overview and Level Annotations

Branches:
Dungeon (3/15)

Altars:


Innate Abilities, Weirdness & Mutations

You have a pair of horns on your head.
You reflexively headbutt those who attack you in melee.


Message History

You shoot an arrow.
The arrow hits the orc priest but does no damage.
The orc priest is severely wounded.
You hear a shout!
The orc throws a boomerang.
The boomerang hits you but does no damage.
The orc barely misses you. You furiously retaliate!
You headbutt the orc.
The orc priest drinks a potion.
The orc priest is healed!
You shoot an arrow. The arrow hits the orc.
The orc is almost dead.
The orc hits you with a +0 dagger.
The orc throws a boomerang.
The boomerang barely misses you. The orc priest closely misses you.
An orc comes into view. It is wielding a +0 club.
You shoot an arrow. The arrow hits the orc.
You kill the orc!
The orc priest looks braver for a moment.
The orc throws a boomerang.
The boomerang hits you.
The orc priest mumbles some strange prayers to Beogh against you.
Beogh smites you!
* * * LOW HITPOINT WARNING * * *
The orc hits you with a +0 short sword.
* * * LOW HITPOINT WARNING * * *
You are too injured to fight recklessly!
You are too injured to fight recklessly!
You are too injured to fight recklessly!
You are too injured to fight recklessly!
You are too injured to fight recklessly!
The orc priest attacks as you move away!
The orc priest hits you but does no damage.
The orc misses you.
The orc priest attacks as you move away!
The orc priest misses you. You furiously retaliate!
You headbutt the orc priest. The orc attacks as you move away!
The orc hits you but does no damage. The orc attacks as you move away!
The orc hits you but does no damage.
The orc priest attacks as you move away!
The orc priest hits you but does no damage.
The orc priest mumbles some strange prayers to Beogh against you.
Beogh smites you!
You die...

.# ### #.#
..###..#
..###.#.#.#
........#o##
#.###o...#
#.#.oo#.##
###.#.#...# #
#.....#@###
#.#.#.###.#
#.........#
#...#.#†###.#
#. #.....#.#
###.#.#.#
#.#...##
##.###..######
..............#


You could see an orc priest and 2 orcs.

Vanquished Creatures
  Crazy Yiuf (D:2)
  Robin (D:1)
  An adder (D:3)
  An orc (D:3)
  5 endoplasms
  A giant cockroach (D:1)
  15 goblins
  6 hobgoblins
  8 jackals
  A kobold (D:1)
  A quokka (D:1)
  6 ball pythons
  3 frilled lizards
  6 rats
56 creatures vanquished.

Notes
Turn   | Place    | Note
-------+----------+-------------------------------------------
     0 | D:1      | cheesebisquit the Minotaur Hunter began the quest for the
                  | Orb.
     0 | D:1      | Reached XP level 1. HP: 18/18 MP: 0/0
   233 | D:1      | Reached XP level 2. HP: 25/25 MP: 1/1
   842 | D:1      | Reached skill level 5 in Ranged Weapons
   842 | D:1      | Reached XP level 3. HP: 29/30 MP: 2/2
  1158 | D:2      | Noticed Robin
  1289 | D:1      | Killed Robin
  1809 | D:2      | Reached XP level 4. HP: 38/38 MP: 3/3
  1834 | D:2      | Found a runed translucent door.
  1835 | D:2      | Noticed Crazy Yiuf
  1908 | D:2      | HP: 1/38 [poisoned by Crazy Yiuf]
  1908 | D:2      | Killed Crazy Yiuf
  2150 | D:3      | Killed from afar by an orc priest

Illustrated notes

Levels and vault maps discovered:
D:1:      dpeg_arrival_arbitrary_b, layout_basic, minmay_misc_feat_pillars
D:2:      layout_basic, grunt_ministairs_13, uniq_crazy_yiuf_cottage, uniq_robin
D:3:      layout_loops_ring, gammafunk_ghost_cemetery, minmay_misc_feat_roman

Skill      XL: |  1  2  3 |
---------------+----------+-----
Ranged Weapons | 5 |  5.6
Fighting       | 3 |  3.6
Dodging        | 3 |  3.3
Stealth        | |  0.7

Action                     |  1- 3 |  4- 6 || total
---------------------------+-------+-------++-------
   Fire: Shortbow          |    90 |    31 ||   121
    Use: Potion            |       |     2 ||     2
 Armour: Leather armour    |    14 |    12 ||    26
  Dodge: Dodged            |    53 |    17 ||    70

Table legend: (Time is in decaauts)
 A = Elapsed time spent in this place.
 B = Non-inter-level travel time spent in this place.
 C = Inter-level travel time spent in this place.
 D = Time resting spent in this place.
 E = Time spent auto-exploring this place.
 F = Levels seen in this place.
 G = Mean time per level.
                   A        B        C        D        E       F      G
               +--------+--------+--------+--------+--------+-----+--------+
         Total |   2166 |   2102 |     64 |    165 |   1668 |   3 |  722.0 |
       Dungeon |   2166 |   2102 |     64 |    165 |   1668 |   3 |  722.0 |
               +--------+--------+--------+--------+--------+-----+--------+

Top non-repeatable levels by time:
     D:1: 1390 daAuts
     D:2: 685 daAuts
     D:3: 90 daAuts
